Map: Magannatha LE

Players

ShoWTimE

  • Race: Protoss Protoss
  • League: Grandmaster
  • Spawn Location: 11:00

STZsOs (sOs) - Winner!

  • Race: Protoss Protoss
  • League: Master
  • Spawn Location: 5:00

Event: HomeStory Cup XXVII

VOD

Have the link to the VOD?

Description

Time

  • Played on: June 29, 2025, 9:46 a.m.
  • Length: 7:42

All games in this series

Show
View Real Time Build Order
Export as new Build Order

ShoWTimE Protoss 

Build Orders: Phoenix Opening, Mass Phoenix 

Get SALT Encoding   

  12  0:00  Probe  
  13  0:12  Probe  
  14  0:16  Pylon  
  14  0:24  Probe  
  15  0:32  Probe  
  15  0:34  Gateway  
  15  0:40  Probe  
  16  0:46  Assimilator  
  17  0:51  Probe  
  18  0:59  Probe  
  19  1:04  Assimilator  
  19  1:07  Probe  
  19  1:16  Pylon  
  19  1:17  Probe  
  20  1:22  Cybernetics Core  
  21  1:29  Probe  
  22  1:34  Zealot  
  24  1:41  Probe  
  25  1:53  Probe  
  26  1:58  Stargate  
  26  2:03  Pylon, Adept  
  28  2:15  Pylon  
  28  2:37  Nexus  
  28  2:41  Phoenix  
  30  2:52  Probe  
  31  2:59  Phoenix  
  31  3:04  Probe  
  33  3:17  Phoenix, Probe  
  34  3:20  Assimilator  
  36  3:29  Probe  
  37  3:34  Stargate  
  37  3:41  Phoenix, Probe  
  38  3:49  Probe  
  38  3:53  Probe  
  42  4:01  Probe  
  43  4:04  Phoenix  
  43  4:05  Probe  
  46  4:12  Pylon  
  46  4:13  Probe  
  47  4:17  Probe  
  47  4:18  Phoenix, Assimilator  
  50  4:25  Probe  
  50  4:29  Probe  
  52  4:34  Phoenix  
  52  4:37  Phoenix  
  55  4:41  Probe  
  57  4:49  Shield Battery  
  55  4:53  Probe  
  55  4:59  Phoenix, Probe  
  59  5:07  Robotics Facility  
  59  5:09  Phoenix, Shield Battery  
  61  5:17  Phoenix  
  57  5:27  Phoenix  
  52  5:43  Shield Battery  
  52  5:44  Phoenix  
  54  5:59  Pylon  
  54  6:05  Shield Battery  
  54  6:07  Immortal  
  54  6:24  Shield Battery  
  54  6:31  Pylon  
  52  6:34  Probe  
  52  6:35  Phoenix  
  52  6:38  Immortal, Probe  
  53  6:45  Pylon  
  53  6:46  Probe  
  54  6:49  Phoenix  
  54  6:52  Stalker  
  58  7:00  Phoenix  
  62  7:07  Probe  
Show
View Real Time Build Order
Export as new Build Order

STZsOs Protoss - Winner!

Build Orders: Phoenix Opening 

Get SALT Encoding   

  12  0:00  Probe  
  13  0:12  Probe  
  14  0:16  Pylon  
  14  0:23  Probe  
  15  0:32  Probe  
  15  0:36  Gateway  
  15  0:40  Probe  
  16  0:45  Assimilator  
  17  0:51  Probe  
  18  1:00  Probe  
  18  1:02  Pylon  
  19  1:05  Assimilator  
  19  1:08  Probe  
  19  1:17  Probe  
  20  1:23  Cybernetics Core  
  21  1:29  Probe  
  25  1:53  Probe  
  23  2:00  Adept  
  25  2:04  Stargate  
  25  2:07  Probe  
  26  2:16  Warp Gate  
  26  2:21  Probe  
  27  2:26  Pylon  
  27  2:27  Stalker  
  30  2:42  Phoenix  
  30  2:43  Nexus  
  31  3:05  Phoenix  
  29  3:09  Stalker  
  33  3:15  Probe  
  34  3:21  Phoenix  
  34  3:25  Pylon  
  37  3:42  Phoenix  
  37  3:47  Gateway  
  38  3:52  Gateway  
  38  4:00  Phoenix  
  40  4:10  Probe  
  40  4:13  Stalker  
  40  4:15  Probe  
  44  4:24  Phoenix  
  44  4:27  Pylon  
  46  4:43  Probe  
  46  4:45  Stalker  
  48  4:53  Stalker, Zealot  
  50  5:12  Stalker  
  42  5:29  Stalker x2  
  44  5:39  Pylon  
  42  5:43  Stalker  
  44  5:52  Probe x2  
  44  5:53  Stalker x2  
  50  5:58  Shield Battery  
  50  5:59  Shield Battery x2  
  50  6:01  Shield Battery x2  
  49  6:13  Stalker  
  49  6:22  Stalker x2  
  53  6:41  Stalker  
  55  6:48  Stalker  
  55  6:49  Stalker  
  57  6:54  Probe x2  
  57  6:56  Assimilator  
  59  7:12  Stalker x3  
Tags
 
Add a new tag
Caveats
  • Supply blocks, unpowered buildings, or Contaminate may cause inaccurate times.
  • Supply counts are checked every 10 seconds.